 Dungeon Crawl Stone Soup version 0.27.1 (webtiles) character file.

Game seed: 12523892452896719028

22 r3algoood the Conjurer (level 2, -2/13 HPs)
             Began as a Vine Stalker Conjurer on Sept 2, 2021.
             Killed from afar by a dart slug (3 damage)
             ... with a slug dart
             ... on level 2 of the Dungeon.
             The game lasted 00:01:28 (706 turns).

r3algoood the Conjurer (Vine Stalker Conjurer)       Turns: 706, Time: 00:01:29

Health: -2/13      AC:  2    Str:  9    XL:     2   Next: 91%
Magic:  0/6        EV: 12    Int: 18    God:
Gold:   16         SH:  0    Dex: 12    Spells: 4/5 levels left

rFire    . . .     SeeInvis .   (no weapon)
rCold    . . .     Faith    .   (no shield)
rNeg     . . .     Spirit   +   a - +0 robe
rPois    .         Reflect  .   (no helmet)
rElec    .         Harm     .   (no cloak)
rCorr    .         Rampage  .   (no gloves)
Will     .....                  (no boots)
Stlth    ++........             (no amulet)
HPRegen  0.04/turn              b - ring of flight
MPRegen  0.10/turn              (no ring)

@: flying
A: fangs 2, magic shield, antimagic bite, no potion heal 2
a: no special abilities


You were on level 2 of the Dungeon.
You visited 1 branch of the dungeon, and saw 2 of its levels.

You collected 16 gold pieces.

Inventory:

Armour
 a - a +0 robe (worn)
Jewellery
 b - a ring of flight (left hand)
Scrolls
 c - a scroll of noise {unknown}
 d - a scroll of vulnerability {unknown}
 g - a scroll of teleportation {unknown}
Potions
 e - a potion of curing {unknown}
 f - a potion of lignification {unknown}


   Skills:
 + Level 1.9 Dodging
 + Level 2.7 Stealth
 + Level 2.3 Spellcasting
 + Level 4.4 Conjurations


You had 4 spell levels left.
You knew the following spells:

 Your Spells              Type           Power      Damage    Failure   Level
a - Magic Dart            Conj           72%        1d6       2%          1

Your spell library contained the following spells:

 Spells                   Type           Power      Damage    Failure   Level
 Searing Ray              Conj           36%        3d4       4%          2
 Dazzling Flash           Conj/Hex       20%        N/A       22%         3
 Fulminant Prism          Conj/Hex       5%         3d7       56%         4
 Iskenderun's Mystic Bla  Conj/Tloc      10%        2d4       56%         4


Dungeon Overview and Level Annotations

Branches:
Dungeon (2/15)

Altars:


Innate Abilities, Weirdness & Mutations

You have extremely sharp teeth.
When hurt, damage is shared between your health and your magic reserves.
Your bite disrupts and absorbs the magic of your enemies.
Potions cannot restore your health.


Message History

The dart slug is heavily wounded.
The dart slug bites you but does no damage.
You barely miss the dart slug.
You bite the dart slug, but do no damage.
The dart slug is heavily wounded.
You hit the dart slug but do no damage.
The dart slug is heavily wounded.
The dart slug launches a dart at you. The slug dart misses you.
You hit the dart slug but do no damage.
You bite the dart slug, but do no damage.
The dart slug is heavily wounded.
The dart slug launches a dart at you. The slug dart hits you.
* * * LOW HITPOINT WARNING * * *
You hit the dart slug. You bite the dart slug. You drain its power.
You feel invigorated.
The dart slug is almost dead.
You hit the dart slug.
You kill the dart slug!
A bat comes into view.
A rat and a dart slug come into view.
The dart slug launches a dart at you. The slug dart hits you.
* * * LOW HITPOINT WARNING * * *
Unknown command.
The bat closely misses you. The bat hits you but does no damage.
The bat closely misses you. The bat barely misses you. The bat misses you.
The bat hits you but does no damage. The bat hits you.
* * * LOW HITPOINT WARNING * * *
A worm comes into view.
Found 24 sling bullets.
The teleport trap disappears.
The worm disappears!
The bat hits you but does no damage.
A dart slug comes into view.
The bat barely misses you. The dart slug launches a dart at you.
The slug dart hits you.
You die...

..... ... ..... ...
########..... .w.
#.......... ...
#.......(. ...
#......b#### .b.
###..........########w..
w......@....r...........
###..........#######....
#.......#### #####....
######### #...#....
#...#.... ###...#†###
##.....#.# ## #........#
. #......###


You could see a dart slug, a bat and a rat.

Vanquished Creatures
  2 dart slugs (D:2)
  2 bats (D:1)
  2 giant cockroaches
  4 jackals (D:1)
  2 kobolds (D:1)
  A ball python (D:1)
  2 goblins (D:1)
  A rat (D:1)
16 creatures vanquished.

Notes
Turn   | Place    | Note
-------+----------+-------------------------------------------
     0 | D:1      | r3algoood the Vine Stalker Conjurer began the quest for the
                  | Orb.
     0 | D:1      | Reached XP level 1. HP: 9/9 MP: 4/4
    67 | D:1      | Found a faded altar of an unknown god.
   318 | D:1      | Reached XP level 2. HP: 13/13 MP: 1/6
   706 | D:2      | Killed from afar by a dart slug

Illustrated notes

Levels and vault maps discovered:
D:1:      dpeg_arrival_stonehenge_8_columns, layout_basic,
          basic_ecumenical_altar
D:2:      layout_basic, minivault_27, minmay_pentomino_u4

Action                   || total
-------------------------++-------
Melee: Unarmed           ||    35
       Bite              ||    11
 Cast: Magic Dart        ||    21
 Stab: Sleeping          ||     1
Armor: Robe              ||     9
Dodge: Dodged            ||    25
